Map: Cerulean Fall LE

Players

Bunny

  • Race: Terran Terran
  • League: Diamond
  • Spawn Location: 1:00

Serral - Winner!

  • Race: Zerg Zerg
  • League: Master
  • Spawn Location: 7:00

Event: HomeStory Cup XVIII

VOD

Have the link to the VOD?

Description

Time

  • Played on: Nov. 23, 2018, 10:07 a.m.
  • Length: 10:48

All games in this series

Show
View Real Time Build Order
Export as new Build Order

Bunny Terran 

Build Orders: Reaper Expand 

Get SALT Encoding   

  12  0:00  SCV  
  13  0:12  SCV  
  14  0:17  Supply Depot  
  14  0:25  SCV  
  15  0:38  SCV  
  15  0:40  Barracks  
  16  0:43  Refinery  
  16  0:50  SCV  
  17  1:03  SCV  
  18  1:15  SCV  
  19  1:27  Reaper, Orbital Command  
  20  1:40  Command Center  
  20  1:52  SCV  
  21  1:54  Supply Depot  
  21  1:59  Marine  
  22  2:04  SCV  
  22  2:07  Factory  
  23  2:11  Refinery  
  23  2:16  SCV  
  24  2:23  Barracks Reactor  
  24  2:28  SCV  
  23  2:41  SCV  
  23  2:53  Starport, SCV  
  24  3:05  Hellion x2, SCV  
  29  3:11  Barracks Tech Lab  
  29  3:16  Orbital Command  
  29  3:17  SCV  
  30  3:26  Hellion x2  
  34  3:29  SCV  
  35  3:37  Viking  
  37  3:41  SCV  
  37  3:44  SCV  
  39  3:49  Barracks Tech Lab  
  39  3:53  SCV  
  40  3:56  SCV  
  40  4:01  Supply Depot  
  43  4:05  SCV  
  43  4:08  SCV  
  43  4:09  Stimpack  
  43  4:18  Barracks  
  43  4:19  Barracks  
  43  4:20  Barracks  
  43  4:25  Barracks  
  43  4:26  Factory Reactor  
  43  4:29  Starport Reactor  
  43  4:31  SCV  
  44  4:32  SCV  
  44  4:38  Supply Depot, Marine  
  45  4:43  SCV  
  47  4:50  SCV  
  48  4:56  Marine  
  49  5:07  Marine x2, SCV x2  
  51  5:14  Marine  
  53  5:15  Supply Depot  
  53  5:17  Marine x2, Barracks Reactor x2  
  53  5:18  Medivac x2  
  53  5:19  Hellion  
  62  5:29  Supply Depot x2  
  62  5:30  Supply Depot  
  62  5:32  Armory  
  62  5:36  Marine x4  
  62  5:38  Supply Depot  
  62  5:39  Marine  
  62  5:42  Hellion  
  69  5:50  Medivac x2  
  69  5:53  Marine  
  69  5:54  Marine x3  
  77  6:00  Marine  
  78  6:05  Marine x4  
  82  6:11  Marine x2  
  82  6:12  Marine x2  
  82  6:13  Supply Depot  
  86  6:26  Marine  
  86  6:27  Marine x4  
  86  6:29  Marine x2  
  86  6:30  Medivac  
  86  6:31  Marine  
  94  6:36  Combat Shield  
  94  6:40  Marine  
  94  6:44  Marine  
  90  6:49  Marine x4  
  90  6:52  Medivac  
  75  7:01  Marine  
  75  7:02  Marine x4  
  75  7:06  Marine  
  75  7:07  Marine  
  80  7:16  Marine  
  80  7:19  Hellion  
  83  7:23  Medivac  
  83  7:24  Medivac  
  83  7:28  Marine x5  
  90  7:40  Marine x4, Hellion  
  94  7:53  Marine, Medivac  
  94  7:54  Marine x4  
  94  7:57  Marine  
  94  7:58  Marine  
  98  8:02  Marine  
  98  8:04  Marine  
  93  8:11  Marine  
  90  8:13  Marine x3  
  90  8:22  Marauder  
  90  8:24  Marine, Hellion  
  90  8:25  Marine x3  
  96  8:31  Marine, Medivac  
  99  8:38  Marine  
  99  8:39  Marine  
  101  8:46  Hellion  
  101  8:47  Marine x3  
  94  8:51  Marine  
  94  8:53  Marine  
  96  8:56  Marine x2  
  98  9:06  Marine x3  
  98  9:09  Marine x2  
  102  9:11  Medivac  
  102  9:12  Marine  
  102  9:14  Hellion  
  102  9:15  Marine  
  107  9:17  Marine  
  108  9:26  Medivac  
  109  9:32  Marine  
  109  9:33  Marine x3  
  109  9:35  Marine  
  109  9:36  Marine  
  110  9:43  Supply Depot  
  110  9:44  Supply Depot  
  110  10:05  Marine x8, Hellion  
  120  10:09  Marine  
  120  10:13  Medivac  
  123  10:22  Marine x3  
Show
View Real Time Build Order
Export as new Build Order

Serral Zerg - Winner!

Build Orders: Pool First 

Get SALT Encoding   

  12  0:00  Drone  
  13  0:11  Overlord  
  13  0:17  Drone  
  14  0:30  Drone x2  
  16  0:40  Spawning Pool  
  15  0:44  Drone  
  15  0:47  Drone  
  17  1:08  Hatchery  
  17  1:10  Drone  
  17  1:24  Extractor  
  16  1:28  Zergling x6  
  16  1:31  Queen  
  21  1:38  Overlord  
  21  1:50  Drone  
  22  2:00  Drone  
  23  2:07  Queen  
  25  2:11  Drone  
  26  2:19  Queen, Drone  
  29  2:25  Drone  
  29  2:29  Metabolic Boost  
  30  2:32  Drone  
  30  2:35  Drone  
  32  2:41  Drone x2  
  32  2:42  Drone  
  32  2:44  Drone  
  32  2:47  Drone  
  34  2:53  Zergling x2  
  35  3:00  Overlord  
  35  3:09  Hatchery  
  34  3:15  Zergling x2  
  34  3:16  Drone  
  34  3:19  Queen  
  38  3:24  Drone  
  38  3:25  Drone x2  
  41  3:30  Overlord  
  41  3:31  Drone  
  41  3:33  Drone  
  43  3:34  Drone  
  43  3:39  Overlord  
  44  3:48  Zergling x4  
  44  3:49  Zergling x4  
  44  3:50  Drone x2  
  44  3:54  Queen  
  52  3:58  Overlord  
  52  4:05  Lair  
  52  4:07  Overlord  
  52  4:20  Queen  
  52  4:21  Drone x6  
  60  4:26  Drone x3  
  60  4:30  Spore Crawler  
  62  4:31  Zergling x2  
  62  4:32  Zergling x2  
  62  4:37  Baneling Nest  
  64  4:38  Zergling x2  
  64  4:40  Drone  
  64  4:42  Drone x2  
  64  4:45  Overlord  
  66  4:51  Overlord  
  66  4:53  Zergling x2  
  66  4:54  Zergling x2  
  66  4:55  Drone  
  66  4:56  Drone x2  
  71  5:04  Overseer, Extractor  
  71  5:05  Drone x3  
  71  5:06  Extractor  
  71  5:10  Overlord  
  71  5:12  Zergling x4  
  71  5:13  Drone  
  74  5:14  Drone x2  
  76  5:26  Drone x3  
  79  5:30  Drone x2  
  79  5:33  Drone x4  
  79  5:35  Extractor x2  
  84  5:38  Overlord  
  84  5:40  Overlord, Evolution Chamber x2  
  81  5:42  Drone  
  81  5:46  Overlord  
  81  5:47  Drone x2  
  83  5:53  Drone x2, Centrifical Hooks  
  85  6:03  Zergling x6  
  85  6:04  Zergling x2  
  89  6:07  Drone x2  
  89  6:09  Extractor, Drone  
  89  6:10  Drone x3  
  94  6:12  Hatchery  
  94  6:18  Baneling x14  
  93  6:21  Zergling x10  
  94  6:27  Zergling x2  
  94  6:32  Queen x2  
  92  6:39  Zergling x10  
  101  6:43  Baneling x4  
  98  6:51  Zergling x14  
  94  6:57  Zergling x6  
  85  7:04  Zergling x2  
  85  7:07  Zergling x2  
  87  7:10  Baneling x6  
  86  7:17  Baneling  
  86  7:18  Baneling x5  
  86  7:19  Zergling x4  
  88  7:28  Zergling x2  
  88  7:29  Queen, Zergling x4  
  78  7:30  Queen x2  
  78  7:35  Baneling x8  
  78  7:36  Zergling x2  
  85  7:37  Zergling x2  
  85  7:43  Zergling x2  
  87  7:45  Baneling x4  
  87  7:46  Zergling x4  
  86  7:54  Zergling x2  
  86  7:55  Baneling x2  
  86  7:56  Baneling  
  84  8:02  Zergling x18  
  84  8:03  Baneling x4  
  89  8:08  Zergling x2  
  89  8:10  Zergling x2  
  85  8:16  Baneling x4  
  84  8:20  Zergling x4  
  84  8:25  Baneling x7  
  84  8:26  Zergling x4  
  87  8:28  Zerg Ground Armor Level 1  
  87  8:30  Queen x2  
  87  8:32  Queen  
  93  8:36  Baneling x2  
  93  8:37  Baneling  
  91  8:45  Zergling x14  
  91  8:48  Zergling x6  
  91  8:49  Zergling x2  
  95  8:55  Baneling x4  
  95  8:56  Zergling x6  
  95  9:00  Zergling x6  
  101  9:08  Zergling x4  
  103  9:21  Hatchery  
  101  9:24  Zergling x10  
  105  9:33  Spawning Pool  
  103  9:44  Hydralisk Den, Baneling x6  
  102  9:49  Baneling x8  
  102  9:53  Baneling  
  102  9:54  Baneling x4  
  102  9:57  Overlord x2  
  102  10:11  Spawning Pool  
  96  10:14  Hydralisk x2  
  96  10:18  Drone x3  
  96  10:19  Drone x2  
  105  10:21  Zergling x10  
Tags
 
Add a new tag
Caveats
  • Supply blocks, unpowered buildings, or Contaminate may cause inaccurate times.
  • Supply counts are checked every 10 seconds.